[Event "ICC tourney 2355 (60 10)"]
[Site "Internet Chess Club"]
[Date "2021.01.30"]
[Round "1"]
[White "Gabriel-PS165"]
[Black "santiagorondeau"]
[Result "0-1"]
[ICCResult "White checkmated"]
[WhiteElo "561"]
[BlackElo "1069"]
[Opening "Vienna gambit: Paulsen attack"]
[ECO "C31"]
[NIC "VG.03"]
[Time "10:13:43"]
[PlyCount "22"]
[TimeControl "3600+10"]

1. e4 e5 2. f4 d5 3. Nc3 Nf6 4. fxe5 Nxe4 5. Qf3 Nxc3 6. bxc3 Nc6 7. c4
Nxe5 8. Qe2 Qe7 9. cxd5 Bg4 10. Qb5+ c6 11. Qxb7 Nd3# { White checkmated }
0-1

[Event "ICC tourney 2355 (60 10)"]
[Site "Internet Chess Club"]
[Date "2021.01.30"]
[Round "1"]
[White "ClarkSps77"]
[Black "c30mw"]
[Result "0-1"]
[ICCResult "White checkmated"]
[WhiteElo "961"]
[BlackElo "112"]
[Opening "Giuoco Pianissimo"]
[ECO "C50"]
[NIC "IG.02"]
[Time "10:12:59"]
[PlyCount "38"]
[TimeControl "3600+10"]

1. e4 e5 2. Nf3 Nc6 3. Bc4 Bc5 4. d3 Nf6 5. Ng5 O-O 6. Nxf7 Rxf7 7. Bxf7+
Kxf7 8. O-O d6 9. Bg5 Kg8 10. Qf3 Nd4 11. Qd1 h6 12. Bh4 Nc6 13. Qf3 Bg4
14. Qg3 Nd4 15. Rc1 Ne2+ 16. Kf1 Nxg3+ 17. fxg3 d5 18. Bxf6 Qxf6+ 19. Ke1
Qf2# { White checkmated } 0-1

[Event "ICC tourney 2355 (60 10)"]
[Site "Internet Chess Club"]
[Date "2021.01.30"]
[Round "1"]
[White "C31chessP"]
[Black "lvasilyev"]
[Result "1-0"]
[ICCResult "Black checkmated"]
[WhiteElo "955"]
[BlackElo "106"]
[Opening "Scotch opening"]
[ECO "C44"]
[NIC "KP.10"]
[Time "10:13:19"]
[PlyCount "33"]
[TimeControl "3600+10"]

1. e4 e5 2. Nf3 Nc6 3. d4 Nf6 4. dxe5 Ng4 5. Bf4 Bc5 6. Be3 Bxe3 7. fxe3
Nxe3 8. Qe2 Nb4 9. Nd4 Qg5 10. a3 Nc6 11. Nxc6 dxc6 12. Nc3 Bg4 13. Qf2 Rd8
14. Bd3 Nxc2+ 15. Bxc2 Qh5 16. O-O Qg5 17. Qxf7# { Black checkmated } 1-0

[Event "ICC tourney 2355 (60 10)"]
[Site "Internet Chess Club"]
[Date "2021.01.30"]
[Round "1"]
[White "lateninthrook"]
[Black "mrforkydude"]
[Result "0-1"]
[ICCResult "White checkmated"]
[WhiteElo "822"]
[BlackElo "1224"]
[Opening "QGD semi-Slav: 5...Nd7"]
[ECO "D45"]
[NIC "SL.08"]
[Time "10:13:01"]
[PlyCount "64"]
[TimeControl "3600+10"]

1. d4 d5 2. c4 c6 3. Nc3 Nf6 4. e3 e6 5. Nf3 Nbd7 6. Be2 Bd6 7. O-O O-O 8.
c5 Bb8 9. Re1 Ne4 10. b4 Nxc3 11. Qd3 Nxe2+ 12. Qxe2 Nf6 13. Bb2 Ne4 14.
Nd2 Nxd2 15. Qxd2 Qc7 16. e4 Qxh2+ 17. Kf1 dxe4 18. Rac1 Qh1+ 19. Ke2 Qxg2
20. Kd1 Qf3+ 21. Re2 e5 22. dxe5 Bg4 23. Qe3 Qxe3 24. fxe3 Bxe2+ 25. Kxe2
Rd8 26. Rg1 g6 27. Kf2 Rd2+ 28. Kg3 Rxb2 29. Rf1 Bxe5+ 30. Kh3 h5 31. Kh4
f6 32. a3 Rh2# { White checkmated } 0-1

[Event "ICC tourney 2355 (60 10)"]
[Site "Internet Chess Club"]
[Date "2021.01.30"]
[Round "1"]
[White "ChampChamp21"]
[Black "megaespeon"]
[Result "1-0"]
[ICCResult "Black checkmated"]
[WhiteElo "1078"]
[BlackElo "563"]
[Opening "Caro-Kann defense"]
[ECO "B10"]
[NIC "CK.01"]
[Time "10:13:20"]
[PlyCount "67"]
[TimeControl "3600+10"]

1. e4 c6 2. Nf3 d5 3. exd5 cxd5 4. d4 Bf5 5. Bb5+ Nc6 6. O-O e6 7. Ne5 Qb6
8. Ba4 Bd6 9. Nxc6 bxc6 10. Nc3 Nf6 11. Bg5 h6 12. Bxf6 gxf6 13. Re1 Rg8
14. Nxd5 Qa5 15. Nxf6+ Ke7 16. Nxg8+ Rxg8 17. Bxc6 Bh3 18. Qf3 Bxg2 19. Qe3
Qa4 20. Bxa4 Bb4 21. c3 Bd6 22. d5 e5 23. Qxa7+ Kf6 24. Qb6 Ke7 25. Rad1 f6
26. c4 h5 27. c5 Bxc5 28. Qxc5+ Kf7 29. Qc7+ Kf8 30. d6 Rg7 31. d7 Kf7 32.
d8=Q+ Ke6 33. Bd7+ Rxd7 34. Qcxd7# { Black checkmated } 1-0

[Event "ICC tourney 2355 (60 10)"]
[Site "Internet Chess Club"]
[Date "2021.01.30"]
[Round "1"]
[White "chessburger0220"]
[Black "bananaplaychess"]
[Result "1-0"]
[ICCResult "Black checkmated"]
[WhiteElo "1096"]
[BlackElo "610"]
[Opening "Caro-Kann: two knights, 3...Bg4"]
[ECO "B10"]
[NIC "CK.01"]
[Time "10:12:51"]
[PlyCount "77"]
[TimeControl "3600+10"]

1. e4 c6 2. Nf3 d5 3. Nc3 Bg4 4. h3 Bh5 5. d3 e6 6. Bf4 Bd6 7. e5 Be7 8.
Be2 Bb4 9. d4 Ne7 10. Bd3 O-O 11. Bxh7+ Kxh7 12. Ng5+ Kg6 13. g4 Bxg4 14.
hxg4 Nd7 15. Qd3+ Nf5 16. gxf5+ exf5 17. Qh3 Rh8 18. Qg2 f6 19. Ne6+ Kf7
20. Nxd8+ Raxd8 21. Rxh8 Rxh8 22. O-O-O a5 23. Re1 Ke7 24. Qxg7+ Ke6 25.
Qxh8 Ke7 26. exf6+ Kf7 27. Re7+ Bxe7 28. fxe7 Kxe7 29. Bg5+ Kd6 30. Qh6+
Kc7 31. Qe6 b6 32. Be7 Kc8 33. Qxc6+ Kb8 34. Bd6+ Ka7 35. Qxd7+ Ka6 36.
Qb5+ Kb7 37. Nxd5 f4 38. Qxb6+ Kc8 39. Qc7# { Black checkmated } 1-0

[Event "ICC tourney 2355 (60 10)"]
[Site "Internet Chess Club"]
[Date "2021.01.30"]
[Round "1"]
[White "cautiouscottage"]
[Black "GabrielLoshak"]
[Result "1-0"]
[ICCResult "Black checkmated"]
[WhiteElo "1053"]
[BlackElo "517"]
[Opening "QGA: 3.Nf3"]
[ECO "D21"]
[NIC "QG.05"]
[Time "10:13:08"]
[PlyCount "97"]
[TimeControl "3600+10"]

1. d4 d5 2. c4 dxc4 3. Nf3 Bf5 4. e3 Nc6 5. Bxc4 Nb4 6. Na3 e6 7. O-O Be4
8. Bd2 Bxf3 9. Qxf3 Nc6 10. Bb5 Bd6 11. Bxc6+ bxc6 12. Qxc6+ Ke7 13. Nc4
Nf6 14. Nxd6 Qxd6 15. Qxd6+ Kxd6 16. f3 Rab8 17. Bc3 h5 18. e4 Rb5 19. e5+
Ke7 20. exf6+ Kxf6 21. d5+ Ke7 22. dxe6 Kxe6 23. Bxg7 Rg8 24. Bc3 Rg6 25.
Rfe1+ Kd5 26. Rad1+ Kc6 27. Re7 Rb8 28. Rxf7 Rbg8 29. Rf6+ Rxf6 30. Bxf6
Rf8 31. Bd4 Rf4 32. Bxa7 Ra4 33. Bd4 Kb5 34. a3 Kc4 35. Be5 Kb3 36. Rd3+
Kc4 37. Rd4+ Kc5 38. Rxa4 Kb5 39. Rd4 Kc5 40. Rd1 c6 41. f4 Kb5 42. f5 Kc4
43. f6 Kb3 44. f7 c5 45. f8=Q c4 46. Qb4+ Kc2 47. Rd2+ Kb1 48. Qxc4 h4 49.
Rd1# { Black checkmated } 1-0

[Event "ICC tourney 2355 (60 10)"]
[Site "Internet Chess Club"]
[Date "2021.01.30"]
[Round "1"]
[White "santiagoF-hces"]
[Black "kevinxps10"]
[Result "1-0"]
[ICCResult "Black checkmated"]
[WhiteElo "326"]
[BlackElo "995"]
[Opening "Scotch game"]
[ECO "C45"]
[NIC "SO.05"]
[Time "10:12:58"]
[PlyCount "135"]
[TimeControl "3600+10"]

1. e4 e5 2. Nf3 Nc6 3. d4 exd4 4. Nxd4 Bc5 5. Be3 Qf6 6. c3 Nge7 7. Bc4 d6
8. Qe2 Qe5 9. Nxc6 Nxc6 10. Bxc5 Qxc5 11. O-O O-O 12. Nd2 Ne5 13. b4 Qc6
14. Rac1 Qe8 15. f4 Nxc4 16. Qxc4 Be6 17. Qxc7 Qd7 18. Qxd7 Bxd7 19. a3 Bb5
20. Rfe1 Rfe8 21. e5 dxe5 22. Rxe5 Rad8 23. Rxe8+ Rxe8 24. c4 Ba4 25. Nf3
Re3 26. Re1 Rxe1+ 27. Nxe1 Bb3 28. c5 Ba4 29. Nd3 Kf8 30. Kf2 Ke7 31. Ke3
Ke6 32. Kd4 Bc2 33. g3 Bxd3 34. Kxd3 Kd5 35. Kc3 f6 36. Kd3 g6 37. g4 h6
38. h4 f5 39. gxf5 gxf5 40. h5 a6 41. a4 Kc6 42. Kd4 b6 43. cxb6 Kxb6 44.
Ke5 Kc6 45. Kxf5 Kd5 46. Kg6 Kc4 47. f5 Kxb4 48. f6 Kxa4 49. f7 a5 50. f8=Q
Kb3 51. Qc5 a4 52. Qa5 a3 53. Qxa3+ Kxa3 54. Kxh6 Kb4 55. Kg6 Kc5 56. h6
Kd4 57. h7 Kc3 58. h8=Q+ Kb3 59. Qd4 Kc2 60. Qe3 Kb2 61. Qd3 Kc1 62. Qe2
Kb1 63. Qd2 Ka1 64. Kf5 Kb1 65. Ke4 Ka1 66. Kd3 Kb1 67. Kc3 Ka1 68. Qb2# {
Black checkmated } 1-0

[Event "ICC tourney 2355 (60 10)"]
[Site "Internet Chess Club"]
[Date "2021.01.30"]
[Round "1"]
[White "avs12"]
[Black "andrewj508"]
[Result "0-1"]
[ICCResult "White checkmated"]
[WhiteElo "839"]
[BlackElo "1256"]
[Opening "French: exchange variation"]
[ECO "C01"]
[NIC "FR.01"]
[Time "10:12:56"]
[PlyCount "78"]
[TimeControl "3600+10"]

1. e4 e6 2. d4 d5 3. exd5 exd5 4. Nf3 Nf6 5. Nc3 Bd6 6. Bg5 c6 7. Be2 h6 8.
Bh4 Bf5 9. O-O O-O 10. Bd3 Bxd3 11. Qxd3 Nbd7 12. Rfe1 Qc7 13. Ne2 Ne4 14.
Ng3 g5 15. Bxg5 Nxg5 16. Qf5 Nxf3+ 17. gxf3 Bxg3 18. fxg3 Rae8 19. Qg4+ Kh7
20. Qf5+ Kh8 21. Qh5 Qd6 22. Rad1 Qf6 23. b3 Rxe1+ 24. Rxe1 Qxd4+ 25. Kg2
Qd2+ 26. Kh3 Nf6 27. Qh4 Qxe1 28. Qxh6+ Nh7 29. g4 Qf1+ 30. Kg3 Qg1+ 31.
Kh3 Rg8 32. Qd6 Rg6 33. Qb8+ Kg7 34. Qe5+ Nf6 35. Qf4 Rh6+ 36. Qxh6+ Kxh6
37. g5+ Kxg5 38. f4+ Kxf4 39. c4 Qg4# { White checkmated } 0-1

[Event "ICC tourney 2355 (60 10)"]
[Site "Internet Chess Club"]
[Date "2021.01.30"]
[Round "1"]
[White "ironman31"]
[Black "bangingcuberyt"]
[Result "1-0"]
[ICCResult "Black resigns"]
[WhiteElo "1142"]
[BlackElo "612"]
[Opening "Queen's pawn"]
[ECO "A40"]
[NIC "QO.17"]
[Time "10:13:43"]
[PlyCount "85"]
[TimeControl "3600+10"]

1. d4 c6 2. Bf4 d5 3. e3 Bf5 4. c4 e6 5. Nc3 Nd7 6. Qb3 b6 7. Qa4 c5 8.
cxd5 exd5 9. Nxd5 cxd4 10. Nc7+ Ke7 11. Qb4+ Nc5 12. Nxa8 Qxa8 13. exd4 Ke8
14. dxc5 Nf6 15. Bb5+ Bd7 16. Bxd7+ Nxd7 17. Qb3 Nxc5 18. Qe3+ Be7 19. Bd6
Qb7 20. Qxe7+ Qxe7+ 21. Bxe7 Kxe7 22. O-O-O Rc8 23. Kd2 Ne4+ 24. Ke2 Rc2+
25. Kd3 Nxf2+ 26. Kxc2 Nxh1 27. Nf3 Nf2 28. Re1+ Kf6 29. h3 g5 30. Rf1 Ne4
31. Nd2+ Ke5 32. Re1 f5 33. Nxe4 fxe4 34. Rf1 Kd4 35. Kd2 e3+ 36. Ke2 Ke4
37. Rf3 Kd5 38. Kxe3 h6 39. Kd3 b5 40. Rf5+ Ke6 41. Rxb5 g4 42. hxg4 h5 43.
gxh5 { Black resigns } 1-0

[Event "ICC tourney 2355 (60 10)"]
[Site "Internet Chess Club"]
[Date "2021.01.30"]
[Round "1"]
[White "akhan123"]
[Black "warrenl"]
[Result "0-1"]
[ICCResult "White resigns"]
[WhiteElo "764"]
[BlackElo "1199"]
[Opening "Sicilian: Alapin's variation (2.c3)"]
[ECO "B22"]
[NIC "SI.46"]
[Time "10:13:11"]
[PlyCount "96"]
[TimeControl "3600+10"]

1. e4 c5 2. c3 d5 3. exd5 Qxd5 4. d4 Nc6 5. Nf3 Nf6 6. Be2 Bf5 7. Nbd2 e6
8. O-O Bd6 9. Nb3 O-O 10. Bg5 Nd7 11. Bd3 Bxd3 12. Qxd3 c4 13. Qe3 cxb3 14.
axb3 h6 15. Bf4 Bxf4 16. Qxf4 e5 17. dxe5 Ncxe5 18. Ne1 Ng6 19. Qc1 Nh4 20.
f3 Rfe8 21. Qc2 Nf5 22. Rd1 Qc5+ 23. Kh1 Ne3 24. Qc1 Nxd1 25. Qxd1 Nf6 26.
b4 Qc4 27. Rg1 Rad8 28. Qb1 Qe2 29. Nc2 Rd2 30. Nd4 Qd3 31. Qa1 a6 32. h3
Nh5 33. Kh2 Nf4 34. Qa4 Rf8 35. Qa1 Ne2 36. Re1 Nxd4 37. cxd4 Qxf3 38. Rg1
Re8 39. Qc1 Ree2 40. Qc8+ Kh7 41. Qg4 Qxg4 42. hxg4 Rxd4 43. Kg3 Rxb4 44.
Rb1 Rbxb2 45. Rg1 a5 46. Kf3 a4 47. Ra1 Ra2 48. Rg1 a3 { White resigns }
0-1

[Event "ICC tourney 2355 (60 10)"]
[Site "Internet Chess Club"]
[Date "2021.01.30"]
[Round "1"]
[White "liznemiroff"]
[Black "OliverLam"]
[Result "1-0"]
[ICCResult "Black checkmated"]
[WhiteElo "969"]
[BlackElo "317"]
[Opening "QGD: Albin counter-gambit, 5.g3"]
[ECO "D09"]
[NIC "QG.02"]
[Time "10:12:58"]
[PlyCount "103"]
[TimeControl "3600+10"]

1. d4 d5 2. c4 e5 3. dxe5 d4 4. Nf3 Nc6 5. g3 Bb4+ 6. Bd2 Bxd2+ 7. Nbxd2
Nge7 8. Bg2 O-O 9. O-O Bf5 10. Rc1 Ng6 11. Nb3 Ngxe5 12. Nxe5 Nxe5 13. Qxd4
Qxd4 14. Nxd4 Bc8 15. f4 Ng4 16. Rf3 Nf6 17. h3 Ne4 18. Re3 Nf6 19. b4 b6
20. Bxa8 Rd8 21. Nc6 Rf8 22. Ne7+ Kh8 23. Rd1 Bxh3 24. Bf3 a5 25. bxa5 bxa5
26. Kf2 h5 27. Rh1 Ng4+ 28. Bxg4 Bxg4 29. Re5 g6 30. Rg5 Bc8 31. Rxg6 fxg6
32. Nxg6+ Kg7 33. Nxf8 Kxf8 34. Rxh5 Bg4 35. Rxa5 Be6 36. e4 Bxc4 37. Rc5
Bxa2 38. Rxc7 Bb1 39. Ke3 Ke8 40. Kd4 Kd8 41. Ra7 Kc8 42. Kc5 Kb8 43. Rh7
Bxe4 44. Re7 Bb7 45. Kb6 Kc8 46. Rxb7 Kd8 47. Kc6 Ke8 48. Kd6 Kf8 49. Ke6
Kg8 50. Kf6 Kh8 51. Kg6 Kg8 52. Rb8# { Black checkmated } 1-0

[Event "ICC tourney 2355 (60 10)"]
[Site "Internet Chess Club"]
[Date "2021.01.30"]
[Round "1"]
[White "che2468"]
[Black "arjunbps10"]
[Result "1-0"]
[ICCResult "Black checkmated"]
[WhiteElo "1433"]
[BlackElo "919"]
[Opening "Pirc: Byrne variation"]
[ECO "B07"]
[NIC "PU.09"]
[Time "10:12:56"]
[PlyCount "51"]
[TimeControl "3600+10"]

1. d4 Nf6 2. Nc3 g6 3. e4 d6 4. Bg5 Bg7 5. Qd2 Be6 6. Bh6 O-O 7. f3 d5 8.
e5 Nfd7 9. h4 Bxh6 10. Qxh6 Kh8 11. h5 Bf5 12. Bd3 Bxd3 13. cxd3 Rg8 14.
hxg6 Rg7 15. gxf7 Qf8 16. e6 Nf6 17. g4 Rg6 18. Qh4 h6 19. Nh3 Rg7 20. g5
Nh7 21. Qxh6 Nc6 22. g6 Nxd4 23. Ng5 Nc2+ 24. Kd2 Nxa1 25. Nxh7 Rxh7 26.
Qxh7# { Black checkmated } 1-0

[Event "ICC tourney 2355 (60 10)"]
[Site "Internet Chess Club"]
[Date "2021.01.30"]
[Round "1"]
[White "liuo30"]
[Black "srsmv"]
[Result "0-1"]
[ICCResult "White resigns"]
[WhiteElo "831"]
[BlackElo "1230"]
[Opening "KP: Patzer opening"]
[ECO "C20"]
[NIC "KP.10"]
[Time "10:12:54"]
[PlyCount "29"]
[TimeControl "3600+10"]

1. e4 e5 2. Qh5 Nc6 3. Bc4 g6 4. Qf3 Nf6 5. Nc3 Nd4 6. Qd3 Bg7 7. Nf3 Nxf3+
8. Qxf3 O-O 9. d3 h6 10. h4 d6 11. g4 Nxg4 12. Be3 Kh7 13. Bxf7 Qe7 14. Bc4
Rxf3 15. Bd5 { White resigns } 0-1

[Event "ICC tourney 2355 (60 10)"]
[Site "Internet Chess Club"]
[Date "2021.01.30"]
[Round "1"]
[White "AndyHeffernan"]
[Black "joshuakps77"]
[Result "0-1"]
[ICCResult "White resigns"]
[WhiteElo "620"]
[BlackElo "1099"]
[Opening "Four knights: Rubinstein counter-gambit"]
[ECO "C48"]
[NIC "KP.03"]
[Time "10:13:02"]
[PlyCount "66"]
[TimeControl "3600+10"]

1. e4 e5 2. Nf3 Nc6 3. Nc3 Nf6 4. Bb5 Nd4 5. Nxe5 Qe7 6. Nf3 Nxe4 7. Be2
Nxc3 8. bxc3 Nxe2 9. Qxe2 Qxe2+ 10. Kxe2 Bc5 11. d4 Bb6 12. a4 a5 13. Re1
O-O 14. Kd1 d5 15. Bg5 f6 16. Bh4 g5 17. Bg3 h5 18. h4 g4 19. Nh2 f5 20. f3
f4 21. Bf2 g3 22. Nf1 gxf2 23. Re2 c5 24. Rxf2 cxd4 25. cxd4 Bxd4 26. Rd2
Bxa1 27. Rxd5 Bf6 28. Nd2 Rd8 29. Rxh5 Be6 30. Rh6 Kg7 31. Rh5 Kg6 32. Rb5
Bxh4 33. Rxb7 Rab8 { White resigns } 0-1

[Event "ICC tourney 2355 (60 10)"]
[Site "Internet Chess Club"]
[Date "2021.01.30"]
[Round "1"]
[White "SKH2011"]
[Black "tinyattacker"]
[Result "0-1"]
[ICCResult "White checkmated"]
[WhiteElo "777"]
[BlackElo "1216"]
[Opening "Evans gambit"]
[ECO "C51"]
[NIC "IG.05"]
[Time "10:12:59"]
[PlyCount "66"]
[TimeControl "3600+10"]

1. e4 e5 2. Nf3 Nc6 3. Bc4 Bc5 4. b4 Bxb4 5. c3 Bc5 6. d4 exd4 7. cxd4 Bb4+
8. Bd2 Bxd2+ 9. Nbxd2 Nf6 10. O-O O-O 11. Qc2 d5 12. exd5 Nxd5 13. Bd3 Nf6
14. Ng5 h6 15. Ngf3 Nxd4 16. Nxd4 Qxd4 17. Nf3 Qd6 18. h3 Qc6 19. Qb1 Bxh3
20. gxh3 Qxf3 21. Kh2 Rfe8 22. Qc2 Re5 23. Rg1 Rd8 24. Rg3 Qf4 25. Qxc7
Rxd3 26. Qc8+ Re8 27. Qxb7 Rxg3 28. fxg3 Qf2+ 29. Kh1 Re2 30. Qb8+ Kh7 31.
Qb1+ g6 32. Qg1 Qf3+ 33. Qg2 Qxg2# { White checkmated } 0-1

[Event "ICC tourney 2355 (60 10)"]
[Site "Internet Chess Club"]
[Date "2021.01.30"]
[Round "1"]
[White "julians2012"]
[Black "ArtMan2030"]
[Result "1-0"]
[ICCResult "Black checkmated"]
[WhiteElo "750"]
[BlackElo "1168"]
[Opening "Caro-Kann: advance variation"]
[ECO "B12"]
[NIC "CK.02"]
[Time "10:13:12"]
[PlyCount "111"]
[TimeControl "3600+10"]

1. e4 c6 2. d4 d5 3. e5 c5 4. Nf3 Nc6 5. Be3 e6 6. Nc3 Bd7 7. Bd3 c4 8. Be2
Bb4 9. Qd2 Nge7 10. a3 Ba5 11. b4 cxb3 12. cxb3 Qc7 13. b4 Bb6 14. Nb5 Qd8
15. Nd6+ Kf8 16. Nxb7 Qb8 17. Nd6 Bc7 18. Nb5 Nxe5 19. dxe5 Bxb5 20. Bxb5
Qxb5 21. a4 Qd7 22. O-O Nf5 23. Bc5+ Ke8 24. Kh1 Bb6 25. Bxb6 axb6 26. b5
Rd8 27. g4 Ne7 28. Qd4 Rc8 29. Qxb6 Rc4 30. Rg1 d4 31. Rgc1 Rxc1+ 32. Rxc1
f6 33. Qxd4 Qxd4 34. Nxd4 fxe5 35. Nxe6 Kf7 36. Ng5+ Kg6 37. Nf3 Kf6 38.
g5+ Ke6 39. a5 Rb8 40. b6 Ra8 41. b7 Rb8 42. a6 Rf8 43. a7 Rxf3 44. b8=Q
Kf7 45. a8=Q Rd3 46. Qxe5 Rd5 47. Qexd5+ Nxd5 48. Qxd5+ Kg6 49. h4 Kh5 50.
Qf7+ Kg4 51. f3+ Kxh4 52. Qf4+ Kh5 53. Qg4+ Kg6 54. Rc6+ Kf7 55. Qe6+ Kf8
56. Rc8# { Black checkmated } 1-0

[Event "ICC tourney 2355 (60 10)"]
[Site "Internet Chess Club"]
[Date "2021.01.30"]
[Round "1"]
[White "mimiant"]
[Black "Bananaville"]
[Result "1-0"]
[ICCResult "Black checkmated"]
[WhiteElo "1217"]
[BlackElo "809"]
[Opening "Giuoco Pianissimo"]
[ECO "C55"]
[NIC "IG.01"]
[Time "10:12:56"]
[PlyCount "81"]
[TimeControl "3600+10"]

1. e4 e5 2. Nf3 Nc6 3. Bc4 Nf6 4. d3 Bc5 5. c3 a5 6. Nbd2 d5 7. exd5 Nxd5
8. O-O Nf4 9. Ne4 Bb6 10. Re1 h6 11. Bxf4 exf4 12. Nf6+ Kf8 13. Re8+ Qxe8
14. Nxe8 Kxe8 15. Qe2+ Ne7 16. Re1 Bc5 17. Qe5 Bd6 18. Qxg7 Rf8 19. Nd4 Bd7
20. Qf6 Kd8 21. Nb5 Bxb5 22. Bxb5 b6 23. Re6 Ra7 24. Rxd6+ cxd6 25. Qxd6+
Kc8 26. Ba6+ Rxa6 27. Qxe7 Rd8 28. Qxf7 Rxd3 29. Qc4+ Kb7 30. Qxd3 Ra8 31.
h4 Rc8 32. g3 fxg3 33. fxg3 Re8 34. Qd7+ Ka6 35. Qxe8 Ka7 36. Kf2 Ka6 37.
Ke3 Ka7 38. Ke4 Ka6 39. Kd5 Ka7 40. Kc4 Ka6 41. Qa8# { Black checkmated }
1-0

[Event "ICC tourney 2355 (60 10)"]
[Site "Internet Chess Club"]
[Date "2021.01.30"]
[Round "1"]
[White "zgregor"]
[Black "Bg71"]
[Result "0-1"]
[ICCResult "White checkmated"]
[WhiteElo "910"]
[BlackElo "1377"]
[Opening "Queen's pawn game"]
[ECO "D04"]
[NIC "QP.06"]
[Time "10:13:27"]
[PlyCount "134"]
[TimeControl "3600+10"]

1. d4 Nf6 2. Nf3 d5 3. e3 Bg4 4. c4 e6 5. Be2 Nc6 6. h3 Bf5 7. Nc3 Bb4 8.
Bd2 Bxc3 9. Bxc3 Ne4 10. Bd3 O-O 11. Bxe4 Bxe4 12. O-O Re8 13. Ne5 Qg5 14.
f3 Qxe3+ 15. Kh1 Bf5 16. Qc1 Qxc1 17. Raxc1 Nxe5 18. dxe5 Bd3 19. Rfd1 Bxc4
20. Bd4 Rec8 21. b3 Bb5 22. Rd2 b6 23. Be3 c5 24. Rdc2 Rc6 25. g4 Rac8 26.
Rg2 d4 27. Bf4 d3 28. h4 g6 29. h5 c4 30. bxc4 Rxc4 31. Rxc4 Rxc4 32. Bh6
Bc6 33. Rg3 Rc2 34. hxg6 fxg6 35. a3 d2 36. Bxd2 Rxd2 37. Kg1 Bb5 38. f4
Rd3 39. Rxd3 Bxd3 40. Kf2 a5 41. Ke3 Bc4 42. Kd4 Bd5 43. f5 gxf5 44. gxf5
h5 45. fxe6 Bxe6 46. Ke3 h4 47. Kf2 b5 48. Kg1 h3 49. Kh2 b4 50. axb4 axb4
51. Kg3 b3 52. Kh4 h2 53. Kg3 b2 54. Kxh2 b1=Q 55. Kg2 Qe4+ 56. Kf1 Bh3+
57. Kf2 Kf7 58. Kg3 Qg4+ 59. Kf2 Ke6 60. Ke3 Kxe5 61. Kd3 Qd4+ 62. Ke2 Bg4+
63. Ke1 Kf4 64. Kf1 Qd1+ 65. Kf2 Qe2+ 66. Kg1 Kf3 67. Kh1 Qg2# { White
checkmated } 0-1

[Event "ICC tourney 2355 (60 10)"]
[Site "Internet Chess Club"]
[Date "2021.01.30"]
[Round "1"]
[White "Finemerryjuice"]
[Black "akashiyer2012"]
[Result "1-0"]
[ICCResult "Black checkmated"]
[WhiteElo "1186"]
[BlackElo "762"]
[Opening "Queen's pawn, Mason variation"]
[ECO "D00"]
[NIC "QP.08"]
[Time "10:14:03"]
[PlyCount "97"]
[TimeControl "3600+10"]

1. d4 d5 2. Bf4 Nf6 3. e3 a6 4. Nf3 Nc6 5. Bd3 e6 6. c3 Bd6 7. Bg3 Bxg3 8.
hxg3 O-O 9. Qc2 Bd7 10. Ne5 Nxe5 11. dxe5 Ne4 12. Bxe4 dxe4 13. Qxe4 h6 14.
Nd2 Bc6 15. Qh4 Qe8 16. O-O Qd7 17. Rfd1 Qd8 18. Qh3 Ba4 19. b3 Bb5 20. Ne4
Qe7 21. c4 Bc6 22. Nc3 Qg5 23. b4 Qxe5 24. Rac1 Rad8 25. Rxd8 Rxd8 26. b5
axb5 27. cxb5 Bxb5 28. Qh4 Rc8 29. Qb4 c6 30. Nxb5 c5 31. Qf4 Qb2 32. Qc4
Ra8 33. Qxc5 Rxa2 34. Rf1 Ra1 35. Rxa1 Qxa1+ 36. Kh2 Qd1 37. Qc8+ Kh7 38.
Qc5 Qf1 39. Qc2+ g6 40. Nd6 Qa6 41. Nxf7 Qa5 42. Nd6 Qh5+ 43. Kg1 Qd5 44.
Qc7+ Kh8 45. Nf7+ Kg7 46. Ng5+ Kf6 47. Qf7+ Kxg5 48. Qf4+ Kh5 49. Qh4# {
Black checkmated } 1-0

[Event "ICC tourney 2355 (60 10)"]
[Site "Internet Chess Club"]
[Date "2021.01.30"]
[Round "1"]
[White "DaltonTiger"]
[Black "Phineashrad"]
[Result "1-0"]
[ICCResult "Black checkmated"]
[WhiteElo "113"]
[BlackElo "962"]
[Opening "Three knights game"]
[ECO "C46"]
[NIC "KP.06"]
[Time "10:13:01"]
[PlyCount "117"]
[TimeControl "3600+10"]

1. e4 e5 2. Nf3 Nc6 3. Nc3 Bc5 4. Nxe5 Nxe5 5. d4 Bxd4 6. Qxd4 Nf6 7. Qxe5+
Qe7 8. Qxe7+ Kxe7 9. Bg5 d6 10. Nd5+ Kd7 11. Nxf6+ gxf6 12. Bxf6 Re8 13.
Bd3 d5 14. f3 Kc6 15. a4 a6 16. b4 Kd6 17. e5+ Ke6 18. O-O Rg8 19. c4 d4
20. Be4 c6 21. g4 Kd7 22. Bf5+ Kc7 23. Bxh7 Re8 24. Rad1 Be6 25. Rxd4 a5
26. b5 c5 27. Rd6 Bxc4 28. Bf5 Bxf1 29. Rd7+ Kb6 30. Be4 Rab8 31. Kxf1 Rf8
32. e6 fxe6 33. Be5 c4 34. Bxb8 Rxb8 35. g5 Kc5 36. Ke2 Kb4 37. Kd2 Kxa4
38. Rd4 Kxb5 39. Kc3 Rc8 40. Bxb7 Rc7 41. g6 Rxb7 42. Rxc4 Rg7 43. Rg4 e5
44. h4 a4 45. h5 Rc7+ 46. Kb2 Rg7 47. h6 Rg8 48. h7 Rh8 49. g7 Rxh7 50.
g8=Q Rh2+ 51. Rg2 Rh1 52. Qb8+ Kc6 53. Rg6+ Kd5 54. Qd6+ Kc4 55. Rg4+ Kb5
56. Rb4+ Ka5 57. Qc5+ Ka6 58. Rb6+ Ka7 59. Qa5# { Black checkmated } 1-0

[Event "ICC tourney 2355 (60 10)"]
[Site "Internet Chess Club"]
[Date "2021.01.30"]
[Round "1"]
[White "DVWANG"]
[Black "mvasilyev"]
[Result "1-0"]
[ICCResult "Black checkmated"]
[WhiteElo "1044"]
[BlackElo "402"]
[Opening "Ruy Lopez: Berlin defense"]
[ECO "C65"]
[NIC "RL.07"]
[Time "10:12:56"]
[PlyCount "73"]
[TimeControl "3600+10"]

1. e4 e5 2. Nf3 Nc6 3. Bb5 Nf6 4. d3 Be7 5. Bxc6 dxc6 6. Nxe5 O-O 7. O-O
Bd6 8. Nf3 Bg4 9. h3 Bxf3 10. Qxf3 Be7 11. Nc3 Re8 12. Qg3 g6 13. Bd2 Nh5
14. Qf3 Qd7 15. Rae1 Rad8 16. Re3 Bg5 17. Re2 Bxd2 18. Rxd2 Re6 19. g4 Nf6
20. e5 Ne8 21. Qg3 Qd4 22. Re1 Qb4 23. Rb1 Qb5 24. Nxb5 cxb5 25. f4 Rd4 26.
f5 gxf5 27. gxf5+ Kf8 28. fxe6 fxe6 29. Rf2+ Ke7 30. Qg5+ Kd7 31. Rf7+ Kc6
32. Qe7 Kb6 33. Qxe8 Kc5 34. Rxc7+ Kb6 35. Qb8 Ka5 36. Qxa7+ Kb4 37. c3# {
Black checkmated } 1-0

[Event "ICC tourney 2355 (60 10)"]
[Site "Internet Chess Club"]
[Date "2021.01.30"]
[Round "1"]
[White "Criminaltacos"]
[Black "zman-g"]
[Result "1-0"]
[ICCResult "Black checkmated"]
[WhiteElo "1208"]
[BlackElo "771"]
[Opening "QGD Slav defense: exchange variation"]
[ECO "D13"]
[NIC "SL.01"]
[Time "10:14:03"]
[PlyCount "139"]
[TimeControl "3600+10"]

1. d4 d5 2. c4 c6 3. cxd5 cxd5 4. Nc3 Nf6 5. Nf3 Bf5 6. Bf4 e6 7. e3 Be7 8.
Bb5+ Nbd7 9. O-O O-O 10. Bd3 Ne4 11. Bxe4 dxe4 12. Ne5 Nxe5 13. dxe5 Qxd1
14. Rfxd1 Rad8 15. Rxd8 Rxd8 16. Rd1 Rxd1+ 17. Nxd1 Kf8 18. Kf1 Ke8 19. Ke2
Kd7 20. Kd2 Kc6 21. Kc3 Bg4 22. f3 exf3 23. gxf3 Bxf3 24. Nf2 Kb5 25. Kd3
Kb4 26. Kc2 Kc4 27. a3 b5 28. b3+ Kd5 29. b4 Bh4 30. Nd3 Be4 31. Kc3 Bxd3
32. Kxd3 g5 33. e4+ Kc6 34. Be3 g4 35. Bf4 Kb6 36. Be3+ Kb7 37. Kd4 g3 38.
hxg3 Bxg3 39. Bh6 Bf2+ 40. Kd3 Kb6 41. Be3+ Bxe3 42. Kxe3 a5 43. Kf4 axb4
44. axb4 Kc7 45. Kg5 Kd7 46. Kh6 Ke7 47. Kxh7 f6 48. Kg6 fxe5 49. Kg5 Kd6
50. Kf6 Kd7 51. Kxe5 Ke7 52. Kd4 Kf6 53. Kc5 Ke5 54. Kxb5 Kxe4 55. Kc5 Kf3
56. b5 e5 57. b6 e4 58. b7 e3 59. b8=Q e2 60. Qf8+ Ke3 61. Qe7+ Kd2 62.
Qd6+ Ke1 63. Kd4 Kf2 64. Qf4+ Ke1 65. Ke3 Kd1 66. Qd4+ Ke1 67. Qd2+ Kf1 68.
Qxe2+ Kg1 69. Kf3 Kh1 70. Qg2# { Black checkmated } 1-0